 Dungeon Crawl Stone Soup version 0.18.1-50-g88ac8fd (webtiles) character file.

8332 Peloso the Blocker (level 11, -4/95 HPs)
             Began as a Minotaur Fighter on Oct 3, 2016.
             Was a High Priest of Okawaru.
             Slain by a spiny frog (16 damage)
             ... on level 8 of the Dungeon.
             The game lasted 00:26:19 (8156 turns).

Peloso the Blocker (Minotaur Fighter)               Turns: 8156, Time: 00:26:19

Health: -4/95      AC: 17    Str: 22    XL:     11   Next: 8%
Magic:  10/10      EV:  8    Int:  8    God:    Okawaru [*****.]
Gold:   682        SH: 13    Dex: 12    Spells: 0 memorised, 10 levels left

rFire  + + .     SeeInvis +     U - +3 scimitar (flame)
rCold  + . .     Gourm    .     q - +2 plate armour {rF+}
rNeg   + . .     Faith    .     R - +0 shield {reflect}
rPois  +         Spirit   .     S - -2 hat of the Alchemist {rElec rPois rF+ rC+ rN+ MR+ rMut rCorr}
rElec  +         Dismiss  .     y - +2 cloak {rPois}
rCorr  +         Reflect  +     (no gloves)
rMut   +         Harm     .     (no boots)
SustAt .                        L - amulet of magic regeneration
MR     +....                    m - ring of see invisible
Stlth  ..........               H - +3 ring of intelligence

@: somewhat resistant to hostile enchantments, extremely unstealthy
A: retaliatory headbutt, horns 2
a: Heroism, Finesse, Renounce Religion


You were on level 8 of the Dungeon.
You worshipped Okawaru.
Okawaru was extremely pleased with you.
You were hungry.

You visited 3 branches of the dungeon, and saw 11 of its levels.

You collected 682 gold pieces.

Inventory:

Hand Weapons
 a - a +1 long sword
 E - a +0 whip of flaming
 U - a +3 scimitar of flaming (weapon)
Armour
 b - a +0 scale mail
 c - a +0 shield
 q - a +2 plate armour of fire resistance (worn)
 x - a +0 cloak
 y - a +2 cloak of poison resistance (worn)
 C - a +1 plate armour
 R - a +0 shield of reflection (worn)
 S - the -2 hat of the Alchemist (worn) {rElec rPois rF+ rC+ rN+ MR+ rMut rCorr}
   (You found it on level 9 of the Dungeon)

   It protects you from fire.
   It protects you from cold.
   It insulates you from electricity.
   It protects you from poison.
   It protects you from negative energy.
   It affects your resistance to hostile enchantments.
   It protects you from acid and corrosion.
   It protects you from mutation.
Rods
 M - a +4 rod of ignition (11/11)
   (You found it on level 9 of the Dungeon)
Jewellery
 m - a ring of see invisible (right hand)
 H - a +3 ring of intelligence (left hand)
 L - an amulet of magic regeneration (around neck)
Wands
 w - a wand of random effects (25/48)
 z - a wand of iceblast (10/15)
 B - a wand of disintegration (13/24)
 I - a wand of digging (5/24)
 Q - a wand of heal wounds (3/9)
Scrolls
 e - 4 scrolls of remove curse
 h - 5 scrolls of identify
 n - a scroll of enchant weapon
 o - a scroll of magic mapping
 s - a scroll of fear
 v - 2 scrolls of enchant armour
 G - a scroll of teleportation
 T - a scroll of amnesia
Potions
 d - 4 potions of might
 g - 3 potions of cancellation
 j - a potion of invisibility
 k - 5 potions of curing
 p - a potion of magic
 t - a potion of berserk rage
 A - a potion of agility
 D - a potion of cure mutation {unknown}
 F - a potion of flight {unknown}
 J - 2 potions of brilliance {unknown}
 O - a potion of haste {unknown}
 P - 2 potions of resistance {unknown}
Books
 K - a Fen Folio

   Spells                             Type                      Level
   a - Corpse Rot                     Necromancy                   2
   b - Stone Arrow                    Conjuration/Earth            3
   c - Leda's Liquefaction            Hexes/Earth                  4
   d - Summon Forest                  Summoning/Translocation      5
   e - Hydra Form                     Transmutation                6
   f - Summon Hydra                   Summoning                    7
 W - a book of the Warp

   Spells                             Type                      Level
   a - Recall                         Summoning/Translocation      3
   b - Gell's Gravitas                Hexes/Translocation          3
   c - Force Lance                    Conjuration/Translocation    4
   d - Warp Weapon                    Charms/Translocation         5
   e - Summon Forest                  Summoning/Translocation      5
Comestibles
 f - 7 bread rations
 i - 5 beef jerkies
 l - 2 fruits
 r - 4 meat rations
 u - 2 slices of pizza
 N - 10 royal jellies
 V - a chunk of flesh


   Skills:
 + Level 8.9 Fighting
 + Level 10.3 Long Blades
 + Level 9.0 Armour
 + Level 5.3 Dodging
 + Level 1.0 Stealth
 + Level 12.4 Shields
 + Level 1.1 Invocations


You had 10 spell levels left.
You didn't know any spells.

Dungeon Overview and Level Annotations

Branches:
Dungeon (9/15)             Temple (1/1) D:5            Lair (1/8) D:8
    Orc: D:9-12

Altars:
Ashenzari
Cheibriados
Dithmenos
Elyvilon
Fedhas
Gozag
Kikubaaqudgha
Makhleb
Nemelex Xobeh
Okawaru
Pakellas
Qazlal
Ru
Sif Muna
Trog
Vehumet
Xom
Yredelemnul
Zin
The Shining One

Shops:
D:4 !

Annotations:
Lair:1 Harold


Innate Abilities, Weirdness & Mutations

You reflexively headbutt those who attack you in melee.
You have a pair of horns on your head.


Message History

Unknown command.
You hit the river rat but do no damage.
The river rat is almost dead.
The porcupine closely misses you. The river rat bites you.
The spiny frog stings you!
* * * LOW HITPOINT WARNING * * *
Unknown command.
You slice the river rat!! You burn the river rat.
You kill the river rat!
Okawaru accepts your kill. The porcupine bites you!
* * * LOW HITPOINT WARNING * * *
The spiny frog stings you but does no damage.
Unknown command.
You block the porcupine's attack. The spiny frog stings you.
* * * LOW HITPOINT WARNING * * *
Drink which item? (? for menu, Esc to quit)
You feel better. You block the porcupine's attack. The spiny frog stings you!
You die...

# #..###...## #
#.###.....## #
#.##....P..# ###
#.##....P..##
..###.#..P......#
....)...........##
.....#.....>.....#
####.##........r(####
#.##........F@(.)#####
####.###.......#...(....#
#......#..P....####.###.#
#....####!....## #.# #.#
#.#### ##...### #.# #.#
#.# ####......####.# #.#
#.####....^.<.....รท.#
#.# .....#.##.#....######
#.# #.##.#.##.#.#.## #.#


You could see a spiny frog and a porcupine.

Vanquished Creatures
  Erica (D:9)
  Erolcha (D:9)
  Urug (Lair:1)
  Pikel (D:6)
  An elephant (D:8)
  A centaur skeleton (D:8)
  2 trolls (D:9)
  A two-headed ogre (D:9)
  Sigmund (D:6)
  A yak (D:8)
  3 hippogriffs
  A hungry ghost (D:8)
  Duvessa (D:6)
  The ghost of daweed the Conjurer, an amateur DECj (D:4)
  4 orc warriors
  2 ice beasts
  An eye of draining (D:8)
  3 ogres
  A phantom (D:8)
  4 wolves
  A centaur (D:8)
  A crocodile (D:8)
  2 big kobolds
  Blork the orc (D:6)
  5 giant frogs
  Dowan (D:6)
  2 scorpions
  A howler monkey (D:5)
  5 crimson imps
  2 giant frog zombies
  8 jellies
  Crazy Yiuf (D:3)
  2 orc priests
  8 orc wizards
  7 hounds
  2 iguanas
  A giant frog skeleton (D:4)
  Ijyb (D:3)
  3 worker ants
  A sheep (D:8)
  Robin (D:3)
  7 adders
  3 gnolls (D:8)
  4 river rats
  2 shadow imps
  6 oozes
  3 worms
  A dart slug (D:2)
  2 giant geckos
  47 orcs
  10 giant cockroaches
  17 goblins
  10 hobgoblins
  24 jackals
  16 kobolds
  4 quokkas
  5 bats
  A giant gecko zombie (D:6)
  8 giant newts
  A quokka skeleton (D:7)
  3 rats
  2 fungi (D:3)
264 creatures vanquished.

Vanquished Creatures (others)
  2 jackals (D:6)
2 creatures vanquished.

Grand Total: 266 creatures vanquished

Notes
Turn   | Place    | Note
--------------------------------------------------------------
     0 | D:1      | Peloso the Minotaur Fighter began the quest for the Orb.
     0 | D:1      | Reached XP level 1. HP: 19/19 MP: 0/0
   222 | D:1      | Reached XP level 2. HP: 26/27 MP: 1/1
   229 | D:1      | Reached skill level 4 in Shields
   590 | D:2      | Reached XP level 3. HP: 12/33 MP: 2/2
   937 | D:2      | Reached skill level 1 in Dodging
  1398 | D:3      | Found a sparkling altar of Nemelex Xobeh.
  1408 | D:3      | Noticed Ijyb
  1418 | D:3      | Killed Ijyb
  1418 | D:3      | Reached XP level 4. HP: 35/40 MP: 3/3
  1699 | D:3      | Noticed Robin
  1717 | D:3      | Killed Robin
  1719 | D:3      | Reached skill level 5 in Shields
  2185 | D:3      | Reached XP level 5. HP: 46/46 MP: 4/4
  2336 | D:3      | Found a white marble altar of Elyvilon.
  2336 | D:3      | Found a sacrificial altar of Ru.
  2337 | D:3      | Found a shimmering altar of Xom.
  2388 | D:3      | Found a basalt altar of Yredelemnul.
  2390 | D:3      | Found a blossoming altar of Fedhas.
  2649 | D:3      | Noticed Crazy Yiuf
  2655 | D:3      | Killed Crazy Yiuf
  2727 | D:4      | Found a shadowy altar of Dithmenos.
  2741 | D:4      | Reached XP level 6. HP: 52/52 MP: 5/5
  2776 | D:4      | Reached skill level 5 in Armour
  2925 | D:4      | Reached skill level 6 in Shields
  2925 | D:4      | Reached XP level 7. HP: 45/60 MP: 6/6
  3042 | D:4      | Noticed daweed's ghost (amateur DECj)
  3066 | D:4      | Killed daweed's ghost
  3136 | D:4      | Reached skill level 5 in Fighting
  3349 | D:4      | Found Xarghud's Distillery.
  3405 | D:5      | Entered Level 5 of the Dungeon
  3534 | D:5      | Found a snail-covered altar of Cheibriados.
  3538 | D:5      | Found an opulent altar of Gozag.
  3779 | D:5      | Reached skill level 7 in Shields
  3979 | D:5      | Reached skill level 5 in Long Blades
  3979 | D:5      | Reached XP level 8. HP: 51/69 MP: 7/7
  4086 | D:5      | Found a staircase to the Ecumenical Temple.
  4096 | Temple   | Entered the Ecumenical Temple
  4139 | Temple   | Became a worshipper of Warmaster Okawaru
  4289 | D:6      | Noticed Sigmund
  4299 | D:6      | Killed Sigmund
  4376 | D:6      | Reached * piety under Okawaru
  4421 | D:6      | Reached skill level 8 in Shields
  4645 | D:6      | Noticed Pikel
  4658 | D:6      | Killed Pikel
  4658 | D:6      | Reached ** piety under Okawaru
  4658 | D:6      | Reached skill level 1 in Stealth
  4740 | D:6      | Reached skill level 9 in Shields
  4756 | D:6      | Reached XP level 9. HP: 60/78 MP: 8/8
  4759 | D:6      | Noticed Blork the orc
  4767 | D:6      | Killed Blork the orc
  4780 | D:6      | Noticed Dowan
  4781 | D:6      | Noticed Duvessa
  4786 | D:6      | Killed Dowan
  4805 | D:6      | Killed Duvessa
  5459 | D:7      | Reached *** piety under Okawaru
  5625 | D:8      | Reached skill level 10 in Shields
  5940 | D:8      | Reached skill level 11 in Shields
  6070 | D:8      | Noticed an elephant
  6088 | D:8      | Killed an elephant
  6088 | D:8      | Reached **** piety under Okawaru
  6088 | D:8      | Reached XP level 10. HP: 75/86 MP: 9/9
  6103 | D:8      | Found a staircase to the Lair.
  6548 | D:9      | Found a stormy altar of Qazlal.
  6758 | D:9      | Noticed Erolcha
  6769 | D:9      | Killed Erolcha
  6769 | D:9      | Reached skill level 5 in Dodging
  6772 | D:9      | Reached ***** piety under Okawaru
  6772 | D:9      | Received a gift from Okawaru
  7610 | D:9      | Noticed Erica
  7624 | D:9      | Reached skill level 12 in Shields
  7639 | D:9      | Killed Erica
  7639 | D:9      | Reached skill level 10 in Long Blades
  7639 | D:9      | Reached skill level 1 in Invocations
  7742 | Lair:1   | Entered Level 1 of the Lair of Beasts
  7742 | Lair:1   | Noticed Urug
  8074 | Lair:1   | Killed Urug
  8074 | Lair:1   | Reached XP level 11. HP: 82/95 MP: 10/10
  8103 | Lair:1   | Noticed Harold
  8155 | D:8      | HP: 3/95 [spiny frog (6)]
  8156 | D:8      | Slain by a spiny frog

Skill      XL: |  1  2  3  4  5  6  7  8  9 10 |
---------------+-------------------------------+-----
Shields        | 4 5 6 7 9 11 12 | 12.4
Armour         | 4 5 6 7 9 |  9.0
Long Blades    | 3 4 5 6 8 10 | 10.3
Dodging        | 1 2 3 4 5 |  5.3
Fighting       | 4 5 6 7 8 |  8.9
Stealth        | 1 |  1.0
Invocations    | 1 |  1.1

Action                   |  1- 3 |  4- 6 |  7- 9 | 10-12 || total
-------------------------+-------+-------+-------+-------++-------
Melee: Long sword        |   114 |   138 |   390 |   173 ||   815
       Headbutt          |    12 |    25 |    77 |    57 ||   171
       Scimitar          |       |       |       |    61 ||    61
Invok: Heroism           |       |       |     1 |     5 ||     6
Evoke: Wand              |       |       |     1 |       ||     1
  Use: Scroll            |       |       |    15 |     3 ||    18
       Potion            |       |       |       |     2 ||     2
  Eat: Chunk             |       |     7 |    11 |     7 ||    25
Armor: Scale mail        |    47 |    72 |     2 |       ||   121
       Plate armour      |       |       |   190 |    80 ||   270
Dodge: Dodged            |    32 |    70 |    88 |    61 ||   251
Block: Shield            |    63 |   103 |   262 |   164 ||   592
       Reflection        |       |       |       |     3 ||     3
